 Dungeon Crawl Stone Soup version 0.25-b1-23-ge2ad7d536c (webtiles) character file.

Game seed: 13042201830053258752, levelgen mode: deterministic

117 Masnef the Sneak (level 4, -7/21 HPs)
             Began as a Spriggan Enchanter on May 31, 2020.
             Was a Follower of Ashenzari.
             Shot with an arrow by a centaur (13 damage)
             ... on level 12 of the Dungeon.
             The game lasted 00:28:21 (5279 turns).

Masnef the Sneak (Spriggan Enchanter)               Turns: 5279, Time: 00:28:22

Health: -7/21      AC:  3    Str:  4    XL:     4   Next: 71%
Magic:  1/9        EV: 18    Int: 17    God:    Ashenzari [*.....]
Gold:   327        SH:  0    Dex: 16    Spells: 0/8 levels left

rFire    . . .     SeeInvis +   a - +1 dagger
rCold    . . .     Gourm    .   (shield restricted)
rNeg     . . .     Faith    .   b - +0 robe (curse)
rPois    .         Spirit   .   (helmet restricted)
rElec    .         Reflect  .   z - +0 cloak
rCorr    .         Harm     .   (gloves unavailable)
MR       .....                  (boots unavailable)
Stlth    ++++......             (no amulet)
HPRegen  0.07/turn              (no ring)
MPRegen  0.11/turn              (no ring)

@: very quick
A: very small, unfitting armour, see invisible, herbivore, speed 3, slow
metabolism 2
a: Curse Item, Scrying, Renounce Religion


You were on level 12 of the Dungeon.
You worshipped Ashenzari.
Ashenzari was aware of your devotion.
You were not hungry.

You visited 1 branch of the dungeon, and saw 13 of its levels.

You collected 327 gold pieces.

Inventory:

Hand Weapons
 a - a +1 dagger (weapon)
 h - a +0 short sword of draining
 u - a +0 quarterstaff of protection
Missiles
 x - 14 poisoned darts (quivered)
Armour
 b - a cursed +0 robe (worn)
 z - a +0 cloak (worn)
Magical Staves
 w - an uncursed staff of air
Jewellery
 s - an uncursed ring of resist corrosion
Wands
 A - a wand of paralysis (6)
 C - a wand of polymorph (12)
Scrolls
 c - a scroll of enchant weapon {unknown}
 e - a scroll of fog {unknown}
 i - a scroll of identify
 k - a scroll of amnesia {unknown}
 o - a scroll of random uselessness
 p - 2 scrolls of blinking {unknown}
 q - a scroll of fear {unknown}
 t - 2 scrolls of teleportation
 y - a scroll of enchant armour {unknown}
Potions
 f - a potion of flight
 g - 2 potions of curing
 j - a potion of brilliance {unknown}
 l - a potion of magic {unknown}
 m - a potion of invisibility {unknown}
 n - 2 potions of might {unknown}
 r - 2 potions of cancellation {unknown}
 v - 3 potions of haste {unknown}
 B - a potion of heal wounds {unknown}
Comestibles
 d - 7 rations


   Skills:
 - Level 1.1 Short Blades
 - Level 3.0 Dodging
 * Level 7.9 Stealth
 - Level 2.6 Spellcasting
 + Level 4.4 Hexes


You couldn't memorise any spells.
You knew the following spells:

 Your Spells              Type           Power        Failure   Level  Hunger
a - Corona                Hex            ###....      3%          1    #......
b - Ensorcelled Hibernat  Hex/Ice        #.....       11%         2    ##.....
c - Confusing Touch       Hex            ###.....     9%          3    ###....
d - Blink                 Tloc           N/A          26%         2    ##.....

Your spell library contained the following spells:

 Spells                   Type           Power        Failure   Level  Hunger
 Slow                     Hex            ###.....     4%          2    ##.....
 Tukima's Dance           Hex            ###.....     9%          3    ###....
 Magic Dart               Conj           #...         19%         1    #......
 Sandblast                Erth           #.....       19%         1    #......
 Summon Small Mammal      Summ           #...         19%         1    #......
 Dazzling Flash           Conj/Hex       #.....       22%         3    ###....
 Summon Guardian Golem    Hex/Summ       #.......     22%         3    ###....
 Call Imp                 Summ           #.......     26%         2    ##.....
 Passwall                 Tmut/Erth      #.......     26%         2    ##.....
 Call Canine Familiar     Summ           #.......     47%         3    ###....
 Conjure Flame            Conj/Fire      #.......     47%         3    ###....
 Mephitic Cloud           Conj/Pois/Air  #.......     47%         3    ###....
 Stone Arrow              Conj/Erth      #.....       47%         3    ###....
 Petrify                  Tmut/Erth      #.......     87%         4    #####..
 Summon Ice Beast         Ice/Summ       #.......     87%         4    #####..
 Summon Lightning Spire   Summ/Air       #.......     87%         4    #####..
 Lee's Rapid Deconstruct  Erth           #.........   99%         5    ######.


Dungeon Overview and Level Annotations

Branches:
Dungeon (13/15)            Temple (0/1) D:6
   Lair: D:8-11         Orc: D:9-12      Vaults: D:13-14

Altars:
Ashenzari
Makhleb
Sif Muna

Portals:
Sewer: D:6

Annotations:
D:4 Eustachio
D:8 Prince Ribbit
D:12 Rupert


Innate Abilities, Weirdness & Mutations

You are very small and have problems with some larger weapons.
You are too small for most types of armour.
You have supernaturally acute eyesight. (SInv)
You are a herbivore.
You cover ground extremely quickly.
You need to consume almost no food.


Message History

Aim: a centaur, wielding a -1 shortbow and quivering 11 arrows (chance to defeat MR: 40%)
The centaur resists with some effort.
The centaur shoots an arrow.
The arrow misses you.
Casting: Ensorcelled Hibernation (safe; 11% risk of failure)
Confirm with . or Enter, or press ? or * to list all spells.
Aiming: Ensorcelled Hibernation (safe; 11% risk of failure)
Press: ? - help, Shift-Dir - straight line, f/p - centaur
Aim: a centaur, wielding a -1 shortbow and quivering 10 arrows (chance to defeat MR: 40%)
The centaur resists with some effort.
The centaur shoots an arrow.
The arrow hits you.
Evoke which item? (* to show all) (? for menu, Esc to quit)
Aiming: Paralyse
Press: ? - help, Shift-Dir - straight line, f/p - centaur
Aim: a centaur, wielding a -1 shortbow and quivering 9 arrows (chance to defeat MR: 46%)
The centaur resists with some effort.
The centaur shoots an arrow.
The arrow hits you!
* * * LOW HITPOINT WARNING * * *
The centaur shoots an arrow.
The arrow hits you!
Ouch! That really hurt!
You die...

....#........#.........#
....#........#.........#
#####........####'#######
##..######..............#
#........#..............#
#......(.#..............#
#........'..............#
#........#..............#
#........#.c....@((.....#
+........#.....##########
##.......#######
#......c##...
#.........c...
#...>.........
#.............
##############


You could see a centaur.

Vanquished Creatures
  A crimson imp (D:5)
  A hound (D:5)
  2 hound skeletons
  An adder (D:2)
  2 worms
  3 orcs
  A giant cockroach (D:4)
  A goblin (D:2)
  A jackal (D:4)
  A rat (D:2)
14 creatures vanquished.

Notes
Turn   | Place    | Note
-------+----------+-------------------------------------------
     0 | D:1      | Masnef the Spriggan Enchanter began the quest for the Orb.
     0 | D:1      | Reached XP level 1. HP: 9/9 MP: 5/5
    34 | D:2      | Reached skill level 5 in Stealth
    34 | D:2      | Reached XP level 2. HP: 13/13 MP: 6/6
    38 | D:2      | Learned a level 2 spell: Ensorcelled Hibernation
   282 | D:4      | Reached skill level 6 in Stealth
   282 | D:4      | Reached XP level 3. HP: 16/16 MP: 8/8
   287 | D:4      | Learned a level 3 spell: Confusing Touch
   453 | D:5      | Entered Level 5 of the Dungeon
   594 | D:5      | Reached skill level 7 in Stealth
   613 | D:5      | Reached XP level 4. HP: 21/21 MP: 2/9
   792 | D:5      | Found a shimmering blue altar of Sif Muna.
  1051 | D:5      | Noticed a phantom
  1481 | D:3      | Found a shattered altar of Ashenzari.
  1485 | D:3      | Became a worshipper of Ashenzari the Shackled
  2370 | D:4      | Found a burning altar of Makhleb.
  2419 | D:5      | Noticed Eustachio
  2698 | D:6      | Noticed a bullfrog
  2792 | D:6      | Noticed a bullfrog
  2809 | D:6      | Found a staircase to the Ecumenical Temple.
  2894 | D:6      | Found a glowing drain.
  2964 | D:7      | Noticed a big kobold
  3277 | D:7      | Noticed an ice beast
  3364 | D:7      | Noticed a hippogriff
  3726 | D:8      | Noticed a bullfrog
  4075 | D:8      | Noticed Prince Ribbit
  4099 | D:9      | Noticed an ogre
  4131 | D:9      | Noticed a sky beast
  4135 | D:9      | Noticed an orc warrior
  4173 | D:8      | Noticed a bullfrog
  4173 | D:8      | Noticed a hippogriff
  4222 | D:9      | Learned a level 2 spell: Blink
  4223 | D:9      | Reached * piety under Ashenzari
  4279 | D:10     | Entered Level 10 of the Dungeon
  4294 | D:10     | Noticed a yak
  4420 | D:11     | Noticed a bullfrog
  4425 | D:11     | Noticed a bullfrog
  4428 | D:11     | Noticed a sky beast
  4429 | D:11     | Noticed a wyvern
  4875 | D:12     | Noticed a wraith
  4878 | D:13     | Noticed a black bear
  4883 | D:13     | Noticed a phantom
  4903 | D:13     | Noticed a basilisk
  4935 | D:12     | Noticed a centaur
  4965 | D:11     | Noticed a necrophage
  5006 | D:12     | Noticed Rupert
  5089 | D:12     | Noticed an ogre
  5227 | D:11     | Noticed a kobold demonologist
  5228 | D:11     | Noticed a wyvern
  5251 | D:11     | Noticed a troll
  5256 | D:11     | Noticed an eight-headed hydra
  5279 | D:12     | Shot with an arrow by a centaur

Illustrated notes

Levels and vault maps discovered:
D:1:      minmay_arrival_glassed_features, layout_basic, minmay_rat_gold_closets
D:2:      layout_basic, kiku_gazebo_garden_becter
D:3:      layout_basic, nemelex_altar_shiori, cheibrodos_ashenzari_chains,
          uniq_robin
D:4:      layout_basic, lightli_temple_of_fire, gup_ossuary_entry_pyramid
D:5:      layout_loops_ring, led_sif_book, first_ration,
          minmay_misc_feat_hallway, uniq_eustachio
D:6:      layout_loops_ring, kennysheep_mini_moat,
          minmay_temple_entry_enclosed_plants, portal_sewer_entry_c, uniq_pikel
D:7:      layout_basic, lemuel_doored_altar
D:8:      layout_basic, kennysheep_little_box, uniq_psyche, uniq_prince_ribbit1
D:9:      layout_cave_pools, gammafunk_temple_overflow_wave, solitary_fountain,
          grunt_pizzeria, uniq_grum
D:10:     layout_rooms, orc_david_3, nicolae_water_bricks, uniq_erolcha
D:11:     layout_cave_pools, lair_entry_dummy, nicolae_trove_entry_diagonal,
          uniq_gastronok, uniq_sonja
D:12:     layout_gridville, uniq_rupert
D:13:     layout_cave_pools, erik_vaults_1, grunt_ministairs_13

Skill      XL: |  1  2  3 |
---------------+----------+-----
Stealth        | 5 6 7 |  7.9
Hexes          | 4 |  4.4
Short Blades   | |  1.1
Dodging        | |  3.0
Spellcasting   | |  2.6

Action                   |  1- 3 |  4- 6 || total
-------------------------+-------+-------++-------
Melee: Dagger            |    17 |    23 ||    40
 Cast: Ensorcelled Hiber |     4 |    34 ||    38
       Corona            |     1 |       ||     1
       Confusing Touch   |       |     4 ||     4
Invok: Curse Item        |       |     1 ||     1
Evoke: Wand              |       |     1 ||     1
  Use: Scroll            |       |     4 ||     4
 Stab: Sleeping          |     6 |     5 ||    11
       Confused          |       |     1 ||     1
  Eat: Ration            |       |     2 ||     2
Armor: Robe              |     3 |     7 ||    10
Dodge: Dodged            |    13 |    93 ||   106
